 Dungeon Crawl Stone Soup version 0.29-a0-330-g52719c12eb (webtiles) character file.

Game seed: 872906297980453332

1541 kae the Firebug (level 8, -4/66 HPs)
             Began as a Demigod Fire Elementalist on Apr 22, 2022.
             Slain by an orc sorcerer
             ... wielding a +0 war axe
              (11 damage)
             ... in a bailey.
             The game lasted 00:06:27 (7703 turns).

kae the Firebug (Demigod Fire Elementalist)         Turns: 7703, Time: 00:06:27

Health: -4/66      AC:  6    Str:  9    XL:     8   Next: 31%
Magic:  9/17       EV: 12    Int: 31    God:
Gold:   345        SH:  4    Dex: 20    Spells: 2/15 levels left

rFire   + + .      SeeInvis .   c - +2 dagger (freeze)
rCold   + . .      Faith    .   (no shield)
rNeg    . . .      Spirit   .   p - +2 robe {rF+}
rPois   +          Reflect  .   (no helmet)
rElec   +          Harm     .   m - +1 cloak
rCorr   +          Rampage  .   (no gloves)
Will    .....                   (no boots)
Stlth   ++........              j - amulet of regeneration
HPRegen 1.01/turn               d - +6 ring of dexterity
MPRegen 0.15/turn               h - +6 ring of intelligence

@: resistant
A: high MP 1, forlorn, divine attributes, large bone plates 1
a: no special abilities


You were in a bailey.
You visited 1 branch of the dungeon, and saw 7 of its levels.
You also visited: Bailey.

You collected 345 gold pieces.

Inventory:

Hand Weapons
 c - a +2 dagger of freezing (weapon)
Armour
 a - a +0 robe
 m - a +1 cloak (worn)
 p - a +2 robe of fire resistance (worn)
Jewellery
 d - a +6 ring of dexterity (left hand)
 h - a +6 ring of intelligence (right hand)
 j - an amulet of regeneration (around neck)
Wands
 o - a wand of mindburst (15)
Scrolls
 i - a scroll of amnesia
 k - a scroll of identify
Potions
 l - 2 potions of flight


   Skills:
 + Level 4.1 Fighting
 - Level 1.7 Dodging
 - Level 1.7 Stealth
 + Level 4.3 Spellcasting
 + Level 4.3 Conjurations
 * Level 6.8 Fire Magic


You had 2 spell levels left.
You knew the following spells:

 Your Spells              Type           Power      Damage    Failure   Level
a - Foxfire               Conj/Fire      100%       2x1d9     1%          1
b - Scorch                Fire           98%        2d10      1%          2
c - Conjure Flame         Conj/Fire      41%        6-21      1%          3
d - Inner Flame           Hex/Fire       27%        N/A       4%          3
e - Flame Wave            Conj/Fire      41%        2d9       6%          4

Your spell library contained the following spells:

 Spells                   Type           Power      Damage    Failure   Level
 Magic Dart               Conj           100%       1d8       1%          1
 Sting                    Tmut/Pois      24%        1d4       6%          1
 Call Imp                 Summ           6%         N/A       9%          2
 Poisonous Vapours        Pois/Air       12%        N/A       9%          2
 Mephitic Cloud           Conj/Pois/Air  15%        N/A       10%         3
 Frozen Ramparts          Ice            12%        1d3       19%         3
 Ice Form                 Ice/Tmut       6%         N/A       52%         4
 Olgreb's Toxic Radiance  Pois           6%         N/A       52%         4
 Summon Ice Beast         Ice/Summ       6%         N/A       52%         4
 Summon Forest            Summ/Tloc      3%         N/A       86%         5
 Eringya's Noxious Bog    Tmut/Pois      3%         N/A       100%        6
 Malign Gateway           Summ/Tloc      3%         N/A       100%        7
 Summon Hydra             Summ           3%         N/A       100%        7
 Summon Horrible Things   Summ           3%         N/A       100%        8


Dungeon Overview and Level Annotations

Branches:
Dungeon (7/15)             Temple (0/1) D:5          Bailey (1/1)


Innate Abilities, Weirdness & Mutations

You have an increased reservoir of magic. (+10% MP)
You shall have no god before yourself.
Your divine heritage dramatically boosts your attributes as you level up.
You are partially covered in large bone plates. (SH +4)


Message History

You closely miss the orc sorcerer.
The orc sorcerer is lightly wounded.
The orc sorcerer hits you with a +0 war axe!
The orc warrior closely misses you. The white imp barely misses you.
You hit the orc sorcerer but do no damage.
The orc sorcerer is lightly wounded.
The orc sorcerer casts a spell at you. The bolt of fire hits you! You resist.
* * * LOW HITPOINT WARNING * * *
The orc warrior hits you with a +0 war axe!
* * * LOW HITPOINT WARNING * * *
The white imp gestures at you. The puff of frost misses you.
The puff of frost hits the orc warrior!
Saving game... please wait.
Welcome back, kae the Demigod Fire Elementalist.
Press ? for a list of commands and other information.
Okay, then.
Okay, then.
You feel better.
The orc sorcerer hits you with a +0 war axe.
* * * LOW HITPOINT WARNING * * *
The orc warrior barely misses you.
The white imp hits you but does no damage.
Okay, then.
Okay, then.
Aiming: Mindburst
Press: ? - help, Shift-Dir - straight line, f - orc sorcerer
Aim: an orc sorcerer, wielding a +0 war axe and wearing a +0 scale mail (lightly wounded, chance to affect: 47%)
The orc sorcerer resists with some effort.
The orc sorcerer hits you with a +0 war axe.
* * * LOW HITPOINT WARNING * * *
The orc warrior closely misses you.
The white imp shouts, "Scamper hence, thou horrid fob-snatching wagtail!"
The white imp hits you but does no damage.
Okay, then.
Really quaff the potion of mutation?
You feel extremely strange.
Large bone plates grow over parts of your arms.
The orc sorcerer hits you with a +0 war axe!
You die...

#..#...........#
#.≈≈≈≈≈≈
#.8#...........#
#.≈≈≈≈≈≈
#..#....._.....#
#)≈≈≈≈≈≈
##'#.....5....K#
#.≈≈≈≈≈≈ .g#'####'####'#
#.≈≈≈≈≈≈ #..#...#...#
[[# #.≈≈≈≈≈≈
#..#...#K5.# #.≈≈≈≈≈≈
#..###'#858# #.≈≈≈≈≈≈
#.o# ..#o@.# #.≈≈≈≈≈≈
#+##
###8o8###+##+#'#≈≈≈≈≈ #?
#...#.))#....#≈≈≈≈≈ #??
#...#.))#....#≈≈≈≈≈
.######.######..###≈≈≈≈≈
.......∩..goo...'.# ≈≈≈≈
#≈≈≈≈≈≈≈≈≈≈g###### ≈≈≈
≈≈≈≈≈≈≈≈≈≈≈≈≈≈≈≈≈≈
≈≈≈≈≈≈≈≈≈≈≈≈≈≈≈≈≈≈


You could see a kobold demonologist, an orc sorcerer, an orc warrior, a quasit
(summoned), a white imp (summoned) and an ufetubus (summoned).

Vanquished Creatures
  3 orc warriors (Bailey)
  2 black bears (D:5)
  An ogre (D:5)
  A centaur (D:6)
  2 scorpions (D:6)
  2 gnoll sergeants (D:5)
  A necrophage (D:4)
  3 electric eels (Bailey)
  A hound (D:5)
  An orc priest (D:6)
  8 orc wizards
  9 gnolls
  5 adders
  A white imp (D:6)
  2 worms (D:2)
  5 dart slugs
  18 orcs
  7 endoplasms
  4 giant cockroaches
  5 hobgoblins
  2 jackals (D:3)
  A quokka (D:3)
  10 ball pythons
  3 bats
  3 frilled lizards
  12 goblins
  3 kobolds (D:3)
  6 rats
121 creatures vanquished.

Vanquished Creatures (others)
  421 foxfires
421 creatures vanquished.

Grand Total: 542 creatures vanquished

Notes
Turn   | Place    | Note
-------+----------+-------------------------------------------
     0 | D:1      | kae the Demigod Fire Elementalist began the quest for the
                  | Orb.
     0 | D:1      | Reached XP level 1. HP: 14/14 MP: 5/5
   187 | D:1      | Reached skill level 1 in Conjurations
   684 | D:1      | Reached skill level 3 in Fire Magic
   684 | D:1      | Reached XP level 2. HP: 22/22 MP: 2/7
  1252 | D:1      | Learned a level 2 spell: Scorch
  1958 | D:2      | Reached XP level 3. HP: 15/27 MP: 0/8
  2226 | D:2      | Reached skill level 1 in Fighting
  3171 | D:3      | Reached XP level 4. HP: 16/35 MP: 6/10
  4619 | D:4      | Reached skill level 4 in Fire Magic
  4796 | D:4      | Learned a level 3 spell: Conjure Flame
  4836 | D:4      | Reached XP level 5. HP: 41/41 MP: 9/11
  5300 | D:5      | Entered Level 5 of the Dungeon
  5373 | D:5      | Reached XP level 6. HP: 28/49 MP: 8/13
  5448 | D:5      | Found a staircase to the Ecumenical Temple.
  5602 | D:5      | Reached skill level 5 in Fire Magic
  5939 | D:5      | Reached XP level 7. HP: 57/57 MP: 6/15
  6981 | D:6      | Reached skill level 6 in Fire Magic
  7156 | D:7      | Found a flagged portal.
  7169 | Bailey   | Entered a bailey
  7202 | Bailey   | Reached XP level 8. HP: 56/66 MP: 14/17
  7505 | Bailey   | Learned a level 3 spell: Inner Flame
  7510 | Bailey   | Learned a level 4 spell: Flame Wave
  7669 | Bailey   | Noticed an orc sorcerer
  7682 | Bailey   | Noticed a kobold demonologist
  7703 | Bailey   | Gained mutation: You are partially covered in large bone
                  | plates. (SH +4) [potion of mutation]
  7703 | Bailey   | Slain by an orc sorcerer

Illustrated notes

Levels and vault maps discovered:
D:1:      lemuel_arrival_room, layout_loops_corners,
          shapermc_ecumenical_altar_venn
D:2:      layout_loops_cross, minmay_strange_pillars
D:3:      cheibrodos_helix_gallery, layout_basic
D:4:      layout_rooms
D:5:      nicolae_cairo_tiling, layout_loops_cross, nicolae_gozag_seed_capital,
          minmay_temple_entry_junction
D:6:      layout_basic
D:7:      minmay_inner_zag, layout_cave_pools, enter_bailey_2
Bailey:   bailey_axe_of_yendor_kennysheep, bailey

Skill      XL: |  1  2  3  4  5  6  7  8 |
---------------+-------------------------+-----
Conjurations   | 1 2 3 4 |  4.3
Fire Magic     | 3 4 5 6 |  6.8
Spellcasting   | 2 3 4 |  4.3
Fighting       | 1 2 3 4 |  4.1
Dodging        | |  1.7
Stealth        | |  1.7

Action                   |  1- 3 |  4- 6 |  7- 9 || total
-------------------------+-------+-------+-------++-------
Melee: Unarmed           |     3 |       |       ||     3
       Dagger            |       |    10 |     9 ||    19
 Cast: Foxfire           |    93 |   106 |    49 ||   248
       Scorch            |    16 |     6 |    40 ||    62
       Conjure Flame     |       |     1 |     1 ||     2
Evoke: Wand              |       |       |     1 ||     1
  Use: Scroll            |     6 |     3 |     5 ||    14
       Potion            |     2 |     2 |     4 ||     8
 Stab: Sleeping          |       |       |     1 ||     1
Armor: Robe              |    17 |    12 |    16 ||    45
       Skin              |       |    16 |       ||    16
Dodge: Dodged            |    44 |    26 |    51 ||   121

Table legend: (Time is in decaauts)
 A = Elapsed time spent in this place.
 B = Non-inter-level travel time spent in this place.
 C = Inter-level travel time spent in this place.
 D = Time resting spent in this place.
 E = Time spent auto-exploring this place.
 F = Levels seen in this place.
 G = Mean time per level.
                   A        B        C        D        E       F      G
               +--------+--------+--------+--------+--------+-----+--------+
         Total |   7717 |   7517 |    200 |    991 |   5197 |   8 |  964.6 |
       Dungeon |   7179 |   6979 |    200 |    754 |   5092 |   7 | 1025.6 |
        Bailey |    538 |    538 |      0 |    237 |    105 |   1 |  538.0 |
               +--------+--------+--------+--------+--------+-----+--------+

Top non-repeatable levels by time:
     D:2: 1664 daAuts
     D:3: 1469 daAuts
     D:1: 1402 daAuts
     D:5: 1321 daAuts
     D:4: 824 daAuts
  Bailey: 538 daAuts
     D:6: 472 daAuts
     D:7: 25 daAuts
